TOP OF THE 1ST |
Fort Wayne TinCaps batting - Pitching for Hartford Yard Goats : RHP Zach Sommer
|
Pitching: RHP Zach Sommer
|
|
Batting: SHB Yutaro Takahashi
|
0-0: Bunted foul 0-1: Ball 1-1: Foul Ball, location: 2F 1-2: Foul Ball, location: 2F 1-2: Ball 2-2: Strikes out swinging
|
Batting: RHB Min-chin Yi
|
0-0: Ball 1-0: DOUBLE (Flyball, 8RXD, EV 103.1 MPH)
|
Batting: LHB Jeremy DiGenova
|
0-0: Ball 1-0: DOUBLE (Groundball, 5L, EV 101.2 MPH) Min-chin Yi scores
|
Batting: RHB Alex Vasquez
|
0-0: Ball 1-0: Called Strike 1-1: Called Strike 1-2: Ball 2-2: Fly out, F8 (Flyball, 8RM, EV 85.0 MPH)
|
Batting: LHB Conor Barron
|
0-0: Ball 1-0: Ball 2-0: Called Strike 2-1: Foul Ball, location: 2F 2-2: DOUBLE (Groundball, 3L, EV 106.9 MPH) Jeremy DiGenova scores
|
Batting: RHB Danny Loyola
|
0-0: Ball Wild Pitch! Conor Barron to third 1-0: Called Strike 1-1: Ground out 6-3 (Groundball, 6M, EV 78.8 MPH)
|
Top of the 1st over - 2 runs, 3 hits, 0 errors, 1 left on base; Fort Wayne 2 - Hartford 0 |
BOTTOM OF THE 1ST |
Hartford Yard Goats batting - Pitching for Fort Wayne TinCaps : RHP Bill Jacobs
|
Pitching: RHP Bill Jacobs
|
|
Batting: LHB Steve Gilliam
|
0-0: Called Strike 0-1: Ball 1-1: Ball 2-1: Ball 3-1: Base on Balls
|
Batting: RHB Henry Alvizo
|
0-0: Ball 1-0: DOUBLE (Groundball, 5L, EV 103.1 MPH) Steve Gilliam to third Runner from 3rd tries for Home, SAFE, throw by LF to home
|
Batting: LHB Michael Krott
|
0-0: Ball 1-0: Ball 2-0: Swinging Strike 2-1: Ball 3-1: Swinging Strike 3-2: Strikes out swinging
|
Batting: LHB Zack Guillen
|
0-0: Called Strike 0-1: 2-RUN HOME RUN (Flyball, 9LD, EV 96.2 MPH), Distance : 348 ft
|
Batting: LHB Freddy Troncoso
|
0-0: Ball 1-0: Swinging Strike 1-1: Ball 2-1: Ball 3-1: Base on Balls
|
Batting: RHB Andy Solorzano
|
0-0: Ball 1-0: Called Strike Freddy Troncoso steals 2nd base (no throw) 1-1: Ball 2-1: Foul Ball, location: 2F 2-2: Ball 3-2: SINGLE (Groundball, 56D, EV 96.2 MPH) Freddy Troncoso to third Runner from 3rd tries for Home, SAFE, throw by LF to home Andy Solorzano to second
|
Batting: RHB Steve Waltenbery
|
0-0: Called Strike 0-1: Ball 1-1: Foul Ball, location: 2F 1-2: Ball 2-2: Fly out, F9 (Flyball, 9, EV 87.5 MPH)
|
Batting: RHB Zach Sommer
|
0-0: Ball 1-0: Foul Ball, location: 2F 1-1: Foul Ball, location: 2F 1-2: Reached on error, E5 (Groundball, 56, EV 104.4 MPH) Andy Solorzano to third
|
Batting: RHB Manny Thompson
|
0-0: Ball 1-0: Called Strike 1-1: Foul Ball, location: 2F 1-2: Strikes out looking
|
Bottom of the 1st over - 4 runs, 3 hits, 1 error, 2 left on base; Fort Wayne 2 - Hartford 4 |
TOP OF THE 2ND |
Fort Wayne TinCaps batting - Pitching for Hartford Yard Goats : RHP Zach Sommer
|
Batting: LHB Ramon Vega
|
0-0: Foul Ball, location: 2F 0-1: Ball 1-1: Ball 2-1: Called Strike 2-2: Ball 3-2: Foul Ball, location: 2F 3-2: Strikes out swinging
|
Batting: RHB Alfredo Lemus
|
0-0: Called Strike 0-1: Ball 1-1: SINGLE (Groundball, 56D, EV 99.4 MPH)
|
Batting: RHB David Reyna
|
0-0: Foul Ball, location: 2F 0-1: Fielders Choice at 2nd, 4-6 (Groundball, 34, EV 95.0 MPH)
|
Batting: SHB Yutaro Takahashi
|
0-0: Foul Ball, location: 2F 0-1: Ball 1-1: Ball 2-1: Foul Ball, location: 2F 2-2: Ball 3-2: Ground out 4-3 (Groundball, 34, EV 81.2 MPH)
|
Top of the 2nd over - 0 runs, 1 hit, 0 errors, 1 left on base; Fort Wayne 2 - Hartford 4 |
BOTTOM OF THE 2ND |
Hartford Yard Goats batting - Pitching for Fort Wayne TinCaps : RHP Bill Jacobs
|
Batting: LHB Steve Gilliam
|
0-0: Foul Ball, location: 2F 0-1: Swinging Strike 0-2: Foul Ball, location: 2F 0-2: Fly out, F8 (Flyball, 89M, EV 91.9 MPH)
|
Batting: RHB Henry Alvizo
|
0-0: Ground out 6-3 (Groundball, 6, EV 101.9 MPH)
|
Batting: LHB Michael Krott
|
0-0: Ground out U3 (Groundball, 3L, EV 87.5 MPH)
|
Bottom of the 2nd over - 0 runs, 0 hits, 0 errors, 0 left on base; Fort Wayne 2 - Hartford 4 |
TOP OF THE 3RD |
Fort Wayne TinCaps batting - Pitching for Hartford Yard Goats : RHP Zach Sommer
|
Batting: RHB Min-chin Yi
|
0-0: Ball 1-0: Called Strike 1-1: Ball 2-1: Called Strike 2-2: Strikes out swinging
|
Batting: LHB Jeremy DiGenova
|
0-0: Ball 1-0: Ball 2-0: Foul Ball, location: 2F 2-1: Ball 3-1: Fly out, F6 (Popup, 15, EV 86.9 MPH)
|
Batting: RHB Alex Vasquez
|
0-0: Ball 1-0: Ball 2-0: Ball 3-0: Base on Balls
|
Batting: LHB Conor Barron
|
0-0: Ball 1-0: Ball 2-0: Called Strike 2-1: Foul Ball, location: 2F 2-2: Foul Ball, location: 2F 2-2: Ball 3-2: Fly out, F8 (Flyball, 8RM, EV 90.0 MPH)
|
Top of the 3rd over - 0 runs, 0 hits, 0 errors, 1 left on base; Fort Wayne 2 - Hartford 4 |
BOTTOM OF THE 3RD |
Hartford Yard Goats batting - Pitching for Fort Wayne TinCaps : RHP Bill Jacobs
|
Batting: LHB Zack Guillen
|
0-0: Ball 1-0: Ball 2-0: Ball 3-0: Called Strike 3-1: Foul Ball, location: 2F 3-2: Strikes out looking
|
Batting: LHB Freddy Troncoso
|
0-0: Called Strike 0-1: Ball 1-1: Ball 2-1: Foul Ball, location: 2F 2-2: Foul Ball, location: 2F 2-2: Foul Ball, location: 2F 2-2: Fly out, F8 (Line Drive, 8RM, EV 106.2 MPH)
|
Batting: RHB Andy Solorzano
|
0-0: Ball 1-0: Ball 2-0: Called Strike 2-1: Swinging Strike 2-2: Foul Ball, location: 2F 2-2: Foul Ball, location: 2F 2-2: Strikes out swinging
|
Bottom of the 3rd over - 0 runs, 0 hits, 0 errors, 0 left on base; Fort Wayne 2 - Hartford 4 |
TOP OF THE 4TH |
Fort Wayne TinCaps batting - Pitching for Hartford Yard Goats : RHP Zach Sommer
|
Batting: RHB Danny Loyola
|
0-0: Ground out 6-3 (Groundball, 6, EV 87.5 MPH)
|
Batting: LHB Ramon Vega
|
0-0: Ball 1-0: Ball 2-0: Called Strike 2-1: Fly out, F8 (Flyball, 8LM, EV 88.8 MPH)
|
Batting: RHB Alfredo Lemus
|
0-0: Foul Ball, location: 2F 0-1: Ball 1-1: Ball 2-1: Foul Ball, location: 2F 2-2: Foul Ball, location: 2F 2-2: SINGLE (Groundball, 15S, EV 66.2 MPH) (infield hit)
|
Batting: RHB David Reyna
|
0-0: Called Strike 0-1: Swinging Strike 0-2: Foul Ball, location: 2F 0-2: Strikes out swinging
|
Top of the 4th over - 0 runs, 1 hit, 0 errors, 1 left on base; Fort Wayne 2 - Hartford 4 |
BOTTOM OF THE 4TH |
Hartford Yard Goats batting - Pitching for Fort Wayne TinCaps : RHP Bill Jacobs
|
Batting: RHB Steve Waltenbery
|
0-0: Ball 1-0: TRIPLE (Flyball, 89XD, EV 98.1 MPH)
|
Batting: RHB Zach Sommer
|
0-0: DOUBLE (Line Drive, 78D, EV 92.5 MPH) Steve Waltenbery scores
|
Pitching: RHP Jay Cowgill
|
|
Batting: RHB Manny Thompson
|
0-0: Foul Ball, location: 2F 0-1: Swinging Strike 0-2: Strikes out swinging
|
Batting: LHB Steve Gilliam
|
0-0: Foul Ball, location: 2F 0-1: Foul Ball, location: 2F 0-2: Foul Ball, location: 2F 0-2: Ball 1-2: Ball 2-2: Foul Ball, location: 2F 2-2: Ball 3-2: Ground out 5-3 (Groundball, 56S, EV 67.5 MPH) Zach Sommer to third
|
Batting: RHB Henry Alvizo
|
0-0: Called Strike 0-1: Foul Ball, location: 2F 0-2: Foul Ball, location: 2F 0-2: DOUBLE (Flyball, 7LD, EV 96.9 MPH) Zach Sommer scores
|
Batting: LHB Michael Krott
|
0-0: Ball 1-0: Called Strike 1-1: Ball 2-1: Foul Ball, location: 2F 2-2: Fly out, F7 (Flyball, 7, EV 88.1 MPH)
|
Bottom of the 4th over - 2 runs, 3 hits, 0 errors, 1 left on base; Fort Wayne 2 - Hartford 6 |
TOP OF THE 5TH |
Fort Wayne TinCaps batting - Pitching for Hartford Yard Goats : RHP Zach Sommer
|
Batting: SHB Yutaro Takahashi
|
0-0: Ball 1-0: Ball 2-0: Called Strike 2-1: Swinging Strike 2-2: Ball 3-2: Foul Ball, location: 2F 3-2: Base on Balls
|
Batting: RHB Min-chin Yi
|
0-0: Ball 1-0: Ball 2-0: Ball 3-0: Called Strike Balk! Yutaro Takahashi to second 3-1: Base on Balls Yutaro Takahashi steals 3rd base
|
Pitching: RHP Alberto Cordovi
|
|
Batting: LHB Jeremy DiGenova
|
0-0: Ball 1-0: SINGLE (Groundball, 56D, EV 98.1 MPH) Yutaro Takahashi scores Min-chin Yi to second
|
Batting: RHB Alex Vasquez
|
0-0: Called Strike 0-1: Reached on error, E6 (Groundball, 6, EV 85.6 MPH) Min-chin Yi to third Jeremy DiGenova to second
|
Batting: LHB Conor Barron
|
0-0: Called Strike 0-1: GRAND SLAM HOME RUN (Line Drive, 89XD, EV 114.4 MPH), Distance : 413 ft
|
Batting: RHB Danny Loyola
|
0-0: Ball 1-0: Ball 2-0: Ball 3-0: Called Strike 3-1: Base on Balls
|
Pitching: LHP Ryan Morlan
|
|
Batting: LHB Ramon Vega
|
0-0: Ball 1-0: Ball 2-0: Ball 3-0: Base on Balls Danny Loyola to second
|
Batting: RHB Alfredo Lemus
|
0-0: Ball 1-0: Called Strike 1-1: Foul Ball, location: 2F 1-2: Ball 2-2: Foul Ball, location: 2F 2-2: Strikes out swinging
|
Batting: RHB David Reyna
|
0-0: Ball 1-0: Ball 2-0: Ground out 6-3 (Groundball, 56D, EV 106.9 MPH) Danny Loyola to third Ramon Vega to second
|
Batting: SHB Yutaro Takahashi
|
0-0: Called Strike 0-1: Ball 1-1: Foul Ball, location: 2F 1-2: Foul Ball, location: 2F 1-2: Foul Ball, location: 2F 1-2: Foul Ball, location: 2F 1-2: Strikes out swinging
|
Top of the 5th over - 5 runs, 2 hits, 1 error, 2 left on base; Fort Wayne 7 - Hartford 6 |
BOTTOM OF THE 5TH |
Hartford Yard Goats batting - Pitching for Fort Wayne TinCaps : RHP Jay Cowgill
|
Pitching: LHP Brennan Duncan
|
|
Pinch Hitting: RHB Ernest Olkowicz
|
0-0: Called Strike 0-1: Ball 1-1: Ball 2-1: Ground out 6-3 (Groundball, 6, EV 105.0 MPH)
|
Batting: LHB Freddy Troncoso
|
0-0: Ball 1-0: Called Strike 1-1: Swinging Strike 1-2: Ball 2-2: Strikes out swinging
|
Batting: RHB Andy Solorzano
|
0-0: Called Strike 0-1: Foul Ball, location: 2F 0-2: Strikes out looking
|
Bottom of the 5th over - 0 runs, 0 hits, 0 errors, 0 left on base; Fort Wayne 7 - Hartford 6 |
TOP OF THE 6TH |
Fort Wayne TinCaps batting - Pitching for Hartford Yard Goats : LHP Ryan Morlan
|
Pitching: RHP Sipi Kilpinen
|
|
Now in LF: Ernest Olkowicz
|
|
Batting: RHB Min-chin Yi
|
0-0: Ball 1-0: Called Strike 1-1: Swinging Strike 1-2: Ball 2-2: Strikes out swinging
|
Batting: LHB Jeremy DiGenova
|
0-0: Called Strike 0-1: Ball 1-1: Ball 2-1: DOUBLE (Groundball, 3L, EV 104.4 MPH)
|
Batting: RHB Alex Vasquez
|
0-0: Ball 1-0: Ball 2-0: Ball 3-0: Base on Balls
|
Batting: LHB Conor Barron
|
0-0: Ball 1-0: Swinging Strike 1-1: Ball 2-1: Ball 3-1: Foul Ball, location: 2F 3-2: Strikes out looking
|
Batting: RHB Danny Loyola
|
0-0: Ball 1-0: Fly out, F8 (Flyball, 8RXD, EV 86.9 MPH)
|
Top of the 6th over - 0 runs, 1 hit, 0 errors, 2 left on base; Fort Wayne 7 - Hartford 6 |
BOTTOM OF THE 6TH |
Hartford Yard Goats batting - Pitching for Fort Wayne TinCaps : LHP Brennan Duncan
|
Batting: RHB Steve Waltenbery
|
0-0: Ground out 3-1 (Groundball, 34, EV 106.2 MPH)
|
Batting: RHB Zach Sommer
|
0-0: Ball 1-0: SINGLE (Groundball, 56S, EV 63.8 MPH) (infield hit)
|
Batting: RHB Manny Thompson
|
0-0: Fly out, F6 (Popup, 4MD, EV 51.9 MPH)
|
Batting: LHB Steve Gilliam
|
0-0: Called Strike Pickoff Throw by Catcher to First - Out!
|
Bottom of the 6th over - 0 runs, 1 hit, 0 errors, 0 left on base; Fort Wayne 7 - Hartford 6 |
TOP OF THE 7TH |
Fort Wayne TinCaps batting - Pitching for Hartford Yard Goats : RHP Sipi Kilpinen
|
Pitching: RHP Dustin Deemer
|
|
Batting: LHB Ramon Vega
|
0-0: Ball 1-0: Ground out 4-3 (Groundball, 34, EV 102.5 MPH)
|
Batting: RHB Alfredo Lemus
|
0-0: Foul Ball, location: 2F 0-1: Ball 1-1: Ball 2-1: Foul Ball, location: 2F 2-2: Strikes out swinging
|
Batting: RHB David Reyna
|
0-0: Ball 1-0: Ground out 1-3 (Groundball, 25, EV 70.6 MPH)
|
Top of the 7th over - 0 runs, 0 hits, 0 errors, 0 left on base; Fort Wayne 7 - Hartford 6 |
BOTTOM OF THE 7TH |
Hartford Yard Goats batting - Pitching for Fort Wayne TinCaps : LHP Brennan Duncan
|
Batting: LHB Steve Gilliam
|
0-0: Ball 1-0: Fly out, F5 (Popup, 15, EV 74.4 MPH)
|
Batting: RHB Henry Alvizo
|
0-0: Ball 1-0: Foul Ball, location: 2F 1-1: Called Strike 1-2: Fly out, F9 (Flyball, 89S, EV 89.4 MPH)
|
Batting: LHB Michael Krott
|
0-0: Called Strike 0-1: Ball 1-1: Ball 2-1: Fly out, F8 (Flyball, 8LM, EV 93.1 MPH)
|
Bottom of the 7th over - 0 runs, 0 hits, 0 errors, 0 left on base; Fort Wayne 7 - Hartford 6 |
TOP OF THE 8TH |
Fort Wayne TinCaps batting - Pitching for Hartford Yard Goats : RHP Dustin Deemer
|
Pitching: RHP Jim Butler
|
|
Batting: SHB Yutaro Takahashi
|
0-0: Ball 1-0: Swinging Strike 1-1: Foul Ball, location: 2F 1-2: Strikes out swinging
|
Batting: RHB Min-chin Yi
|
0-0: Called Strike 0-1: Foul Ball, location: 2F 0-2: Ball 1-2: Strikes out swinging
|
Batting: LHB Jeremy DiGenova
|
0-0: Ball 1-0: Ball 2-0: Foul Ball, location: 2F 2-1: Ball 3-1: Foul Ball, location: 2F 3-2: Base on Balls
|
Batting: RHB Alex Vasquez
|
0-0: Foul Ball, location: 2F 0-1: Ball 1-1: SINGLE (Groundball, 6MS, EV 71.2 MPH) (infield hit) Jeremy DiGenova to second
|
Batting: LHB Conor Barron
|
0-0: Called Strike 0-1: Ball 1-1: Ball 2-1: Called Strike 2-2: SINGLE (Flyball, 9LS, EV 96.2 MPH) Jeremy DiGenova to third Alex Vasquez to second
|
Batting: RHB Danny Loyola
|
0-0: Ball 1-0: Foul Ball, location: 2F 1-1: Ball 2-1: Foul Ball, location: 2F 2-2: Strikes out swinging
|
Top of the 8th over - 0 runs, 2 hits, 0 errors, 3 left on base; Fort Wayne 7 - Hartford 6 |
BOTTOM OF THE 8TH |
Hartford Yard Goats batting - Pitching for Fort Wayne TinCaps : LHP Brennan Duncan
|
Batting: RHB Ernest Olkowicz
|
0-0: Ball 1-0: Foul Ball, location: 2F 1-1: Ball 2-1: Called Strike 2-2: SINGLE (Flyball, 7LD, EV 111.2 MPH)
|
Batting: LHB Freddy Troncoso
|
0-0: Called Strike 0-1: Ball 1-1: SINGLE (Groundball, 3D, EV 97.5 MPH) Ernest Olkowicz to second Runner from 2nd tries for 3rd, SAFE, throw by RF made to third Freddy Troncoso to second
|
Batting: RHB Andy Solorzano
|
0-0: Called Strike 0-1: Foul Ball, location: 2F 0-2: SINGLE (Groundball, 4MD, EV 102.5 MPH) Ernest Olkowicz scores Freddy Troncoso to third Runner from 3rd tries for Home, SAFE, throw by CF to home
|
Batting: RHB Steve Waltenbery
|
0-0: Sac Bunt to P - play at first, batter OUT! 1-3 Andy Solorzano to second
|
Batting: RHB Zach Sommer
|
0-0: Ground out 5-3 (Groundball, 5, EV 101.2 MPH)
|
Batting: RHB Manny Thompson
|
0-0: Foul Ball, location: 2F 0-1: Ball 1-1: Fly out, F6 (Line Drive, 6MD, EV 68.8 MPH)
|
Bottom of the 8th over - 2 runs, 3 hits, 0 errors, 1 left on base; Fort Wayne 7 - Hartford 8 |
TOP OF THE 9TH |
Fort Wayne TinCaps batting - Pitching for Hartford Yard Goats : RHP Jim Butler
|
Pitching: RHP Mitch Guerrero
|
|
Batting: LHB Ramon Vega
|
0-0: Fly out, F8 (Flyball, 8RD, EV 97.5 MPH)
|
Batting: RHB Alfredo Lemus
|
0-0: Foul Ball, location: 2F 0-1: Called Strike 0-2: Ball 1-2: Ground out 4-3 (Groundball, 4S, EV 67.5 MPH)
|
Pinch Hitting: SHB Mike Kirk
|
0-0: Called Strike 0-1: Ball 1-1: Swinging Strike 1-2: Foul Ball, location: 2F 1-2: Foul Ball, location: 2F 1-2: Strikes out looking
|
Top of the 9th over - 0 runs, 0 hits, 0 errors, 0 left on base; Fort Wayne 7 - Hartford 8 |
|